 Dungeon Crawl Stone Soup version 0.32-a0-933-ga8fa3634e4 (webtiles) character file.

Game seed: 15431844987797949842

68 runemasterragnar the Shooter (level 4, 0/34 HPs)
             Began as a Coglin Hunter on Apr 14, 2024.
             Killed from afar by an orc wizard (7 damage)
             ... with a puff of flame
             ... on level 3 of the Dungeon.
             The game lasted 00:01:29 (1893 turns).

runemasterragnar the Shooter (Coglin Hunter)        Turns: 1893, Time: 00:01:29

Health: 0/34       AC:  4    Str: 11    XL:     4   Next: 19%
Magic:  4/4        EV: 11    Int:  8    God:
Gold:   57         SH:  0    Dex: 20    Spells: 2/3 levels left

rFire   . . .        a - +2 sling {Katrin}
rCold   . . .        d - +0 sling {Guillermo}
rNeg    . . .        c - +0 leather armour
rPois   .            (no helmet)
rElec   .            j - +0 cloak
rCorr   .            (no gloves)
SInv    .            (no boots)
Will    .....        (amulet unavailable)
Stlth   ++           (ring unavailable)
HPRegen 0.25/turn    (ring unavailable)
MPRegen 0.09/turn    (no gizmo)

%: no passive effects
@: no status effects
A: off-hand wielding, slow wielding, warmup strikes, no jewellery
a: Invent Gizmo


You were on level 3 of the Dungeon.
You visited 1 branch of the dungeon, and saw 3 of its levels.

You collected 57 gold pieces.

Inventory:

Hand Weapons
 a - a +2 sling (weapon) {Katrin}
 d - a +0 sling (offhand) {Guillermo}
Armour
 c - a +0 leather armour (worn)
 j - a +0 cloak (worn)
Scrolls
 b - a scroll of butterflies
 f - a scroll of fear {unknown}
 g - a scroll of teleportation
 k - a scroll of brand weapon {unknown}
 l - a scroll of noise {unknown}
Potions
 e - a potion of berserk rage
 h - a potion of attraction


   Skills:
 + Level 2.5 Fighting
 * Level 4.3 Ranged Weapons
 + Level 2.3 Dodging
 + Level 1.5 Stealth


You had 2 spell levels left.
You knew the following spells:

 Your Spells              Type           Power      Damage    Failure   Level
a - Apportation           Tloc           0%         N/A       50%         1

Your spell library contained the following spells:

 Spells                   Type           Power      Damage    Failure   Level
 Necrotise                Necr           0%         1d4       50%         1
 Sting                    Conj/Alch      0%         1d3       50%         1
 Summon Small Mammal      Summ           0%         N/A       50%         1
 Call Canine Familiar     Summ           0%         N/A       86%         3
 Sigil of Binding         Hex            0%         N/A       86%         3
 Dimensional Bullseye     Hex/Tloc       0%         N/A       99%         4


Dungeon Overview and Level Annotations

Branches:
Dungeon (3/15)

Altars:


Innate Abilities, Weirdness & Mutations

You can wield a second weapon in your off-hand.
It takes a long time for you to wield or remove held weapons.
Your first few attacks do less damage.
You cannot equip rings or amulets.


Message History

You closely miss something with your +0 sling.
You miss something with your +2 sling.
Something hits you but does no damage. x2
You bump into the rock wall.
You hear some strange, mumbled words.
A magic dart appears from out of thin air!
The magic dart hits you.
You clumsily bash something but do no damage.
You closely miss something with your +2 sling.
You feel less confused. Something hits you.
Unknown command.
You shoot a sling bullet. x2; Something hits you but does no damage.
Unknown command.
You shoot a sling bullet. x2; Something hits you but does no damage.
Something hits you.
You shoot a sling bullet. x2; Something hits you but does no damage.
You shoot a sling bullet. x2
You hear some strange, mumbled words.
A puff of flame appears from out of thin air!
The puff of flame hits you.
You shoot a sling bullet. x2; Something hits you but does no damage.
Something hits you.
Unknown command.
You shoot a sling bullet. x2; Something hits you but does no damage.
You shoot a sling bullet. x2; Something hits you.
Unknown command.
You shoot a sling bullet. x2; Something hits you.
Unknown command.
You shoot a sling bullet. x2; Something hits you.
* * * LOW HITPOINT WARNING * * *
Unknown command.
You shoot a sling bullet. x2; Something hits you.
* * * LOW HITPOINT WARNING * * *
You hear some strange, mumbled words.
Something tries to affect you, but you resist.
You shoot a sling bullet. x2
You hear some strange, mumbled words.
A puff of flame appears from out of thin air!
The puff of flame hits you!
You die...

#########
#############........
#...@{...............
#.###########.......<
#..##.#..##.#..##.#..
#..#.##..#.##..#.##..
###....##....##....##
#.#.♣♣..#.♣♣..#.♣♣..#
##..♣♣.#..♣♣.#..♣♣.#.
###....##....##....##
#..##.#[.##.#..##.#..


There were no monsters in sight!

Vanquished Creatures
  An adder (D:2)
  2 dart slugs
  4 bats
  11 endoplasms
  2 giant cockroaches
  3 goblins
  6 hobgoblins
  6 kobolds
  3 quokkas
  A ball python (D:2)
  3 frilled lizards
  6 rats
48 creatures vanquished.

Notes
Turn   | Place    | Note
-------+----------+-------------------------------------------
     0 | D:1      | runemasterragnar the Coglin Hunter began the quest for the
                  | Orb.
     0 | D:1      | Reached XP level 1. HP: 16/16 MP: 1/1
    57 | D:1      | Reached skill level 1 in Stealth
    87 | D:1      | Reached XP level 2. HP: 22/22 MP: 2/2
    89 | D:1      | Learned a level 1 spell: Apportation
   248 | D:1      | Reached skill level 4 in Ranged Weapons
   248 | D:1      | Reached XP level 3. HP: 27/27 MP: 3/3
  1014 | D:2      | Found a faded altar of an unknown god.
  1320 | D:2      | Reached XP level 4. HP: 28/34 MP: 4/4
  1893 | D:3      | Killed from afar by an orc wizard

Illustrated notes

Levels and vault maps discovered:
D:1:      sevenhm_arrival_forest_fort_large_4, layout_rooms, minivault_14
D:2:      layout_basic, basic_ecumenical_altar, grunt_ministairs_1,
          minmay_misc_feat_rows, corexii_shack
D:3:      layout_rooms, nzn_wu_jian_contemplation, kennysheep_big_empty_room,
          hangedman_decor_peaks_small, nicolae_eternal_life,
          chequers_serial_rivers_micro_b

Skill      XL: |  1  2 |
---------------+-------+-----
Stealth        | 1 |  1.5
Dodging        | 2 |  2.3
Ranged Weapons | 4 |  4.3
Fighting       | |  2.5

Action                     |  1- 3 |  4- 6 || total
---------------------------+-------+-------++-------
  Melee: Sling             |       |     4 ||     4
   Fire: Sling             |   166 |    38 ||   204
    Use: Scroll            |       |     3 ||     3
         Potion            |       |     1 ||     1
 Armour: Leather armour    |     7 |    22 ||    29
  Dodge: Dodged            |     9 |     2 ||    11

Table legend: (Time is in decaauts)
 A = Elapsed time spent in this place.
 B = Non-inter-level travel time spent in this place.
 C = Inter-level travel time spent in this place.
 D = Time resting spent in this place.
 E = Time spent auto-exploring this place.
 F = Levels seen in this place.
 G = Mean time per level.
                   A        B        C        D        E       F      G
               +--------+--------+--------+--------+--------+-----+--------+
         Total |   1918 |   1812 |    106 |     31 |   1513 |   3 |  639.3 |
       Dungeon |   1918 |   1812 |    106 |     31 |   1513 |   3 |  639.3 |
               +--------+--------+--------+--------+--------+-----+--------+

Top non-repeatable levels by time:
     D:2: 1041 daAuts
     D:1: 496 daAuts
     D:3: 380 daAuts
